 Dungeon Crawl Stone Soup version 0.26.0-15-gc6cd9f7 (webtiles) character file.

Game seed: 8225171196990011551

51 ilyvion the Frost Mage (level 3, -2/31 HPs)
             Began as a Gnoll Wanderer on Jan 21, 2021.
             Slain by Natasha (5 damage)
             ... on level 2 of the Dungeon.
             The game lasted 00:11:51 (1459 turns).

ilyvion the Frost Mage (Gnoll Wanderer)             Turns: 1459, Time: 00:11:51

Health: -2/31      AC:  8    Str: 14    XL:     3   Next: 81%
Magic:  4/4        EV:  9    Int: 15    God:
Gold:   73         SH:  0    Dex: 14    Spells: 3/4 levels left

rFire    . . .     SeeInvis .   a - +0 hand axe
rCold    . . .     Faith    .   (no shield)
rNeg     . . .     Spirit   .   h - +0 scale mail
rPois    .         Reflect  .   e - +0 helmet
rElec    .         Harm     .   (no cloak)
rCorr    .         Rampage  .   o - +0 pair of gloves
Will     .....                  (no boots)
Stlth    ..........             (no amulet)
HPRegen  0.10/turn              (no ring)
MPRegen  0.09/turn              (no ring)

@: no status effects
A: distributed training, fangs 1, strong nose
a: no special abilities


You were on level 2 of the Dungeon.
You visited 1 branch of the dungeon, and saw 2 of its levels.

You collected 73 gold pieces.

Inventory:

Hand Weapons
 a - a +0 hand axe (weapon)
Missiles
 b - 37 bolts
 m - 14 arrows
 n - 28 sling bullets
Armour
 e - a +0 helmet (worn)
 h - a +0 scale mail (worn)
 i - a +0 leather armour
 o - a +0 pair of gloves (worn)
Jewellery
 g - a cursed -4 ring of protection {unknown}
 k - an uncursed ring of stealth {unknown}
Wands
 r - a wand of iceblast (11)
Scrolls
 c - a scroll of teleportation
 f - a scroll of blinking {unknown}
 l - a scroll of remove curse {unknown}
Potions
 d - a potion of cancellation {unknown}
 p - 2 potions of ambrosia {unknown}
 q - 2 potions of brilliance {unknown}


   Skills:
 + Level 4.6 Fighting
 + Level 1.0 Short Blades
 + Level 1.0 Long Blades
 + Level 1.0 Axes
 + Level 1.0 Maces & Flails
 + Level 1.0 Polearms
 + Level 1.0 Staves
 + Level 1.0 Slings
 + Level 1.0 Bows
 + Level 1.0 Crossbows
 + Level 1.0 Throwing
 + Level 2.6 Armour
 + Level 1.0 Dodging
 + Level 1.0 Stealth
 + Level 2.6 Shields
 + Level 1.0 Unarmed Combat
 + Level 1.0 Spellcasting
 + Level 0.7 Conjurations
 + Level 0.7 Hexes
 + Level 0.7 Summonings
 + Level 0.7 Necromancy
 + Level 0.7 Translocations
 + Level 0.7 Transmutations
 + Level 0.7 Fire Magic
 + Level 8.7 Ice Magic
 + Level 0.7 Air Magic
 + Level 0.7 Earth Magic
 + Level 0.7 Poison Magic
 + Level 1.0 Invocations
 + Level 2.6 Evocations


You had 3 spell levels left.
You knew the following spells:

 Your Spells              Type           Power        Failure   Level
a - Freeze                Ice            100%         2%          1

Your spell library contained the following spells:

 Spells                   Type           Power        Failure   Level
 Frozen Ramparts          Ice            54%          9%          3
 Ozocubu's Armour         Ice            27%          9%          3
 Corona                   Hex            2%           58%         1
 Summon Guardian Golem    Hex/Summ       2%           92%         3
 Hailstorm                Conj/Ice       15%          80%         4
 Summon Ice Beast         Ice/Summ       15%          80%         4


Dungeon Overview and Level Annotations

Branches:
Dungeon (2/15)

Altars:
Elyvilon

Annotations:
D:2 Natasha


Innate Abilities, Weirdness & Mutations

Your experience applies equally to all skills.
You have very sharp teeth.
Your uncanny sense of smell can sniff out nearby items.


Message History

You closely miss the crimson imp.
You feel yourself speed up. Natasha completely misses you.
The crimson imp hits you but does no damage.
Natasha hisses.
Natasha claws you.
* * * LOW HITPOINT WARNING * * *
The crimson imp hits you but does no damage.
You miss Natasha.
Natasha is severely wounded.
You miss the crimson imp. Natasha barely misses you.
The crimson imp hits you but does no damage.
Natasha stares at you and mumbles some strange words.
The magic dart hits you.
* * * LOW HITPOINT WARNING * * *
You hit Natasha but do no damage.
Natasha is severely wounded.
You barely miss the crimson imp. The crimson imp barely misses you.
Natasha claws you.
You die...

#......#.
##.......(
#......((.
###.....(....
######
..#...((....#
†....# #.##..(....#
####.# #.#.(5....#
####.###
#.#5(#5...#
.......##
#.@h(.(..#
####....#
###(.#..## .#
......#..###
#..†...#.#
####.###...#
#.......#
#..#......
###.†.###
####....##.#. #...#
.....#####.#.####
#...# ..<..#
#.......###>..####
.....#
#..#.#.............


You could see Natasha and 3 crimson imps.

Vanquished Creatures
  An adder (D:2)
  2 oozes
  A dart slug (D:2)
  A leopard gecko (D:2)
  A giant cockroach (D:1)
  7 goblins
  6 hobgoblins
  2 bats (D:1)
  4 frilled lizards
  2 kobolds
  3 rats (D:1)
30 creatures vanquished.

Notes
Turn   | Place    | Note
-------+----------+-------------------------------------------
     0 | D:1      | ilyvion the Gnoll Wanderer began the quest for the Orb.
     0 | D:1      | ilyvion set off with the following items: a +0 dagger, a
                  | scroll of teleportation, a +0 robe; and the following
                  | spells available to memorise: Freeze, Frozen Ramparts,
                  | Ozocubu's Armour, Corona, Hailstorm, Summon Ice Beast,
                  | Summon Guardian Golem
     0 | D:1      | Reached XP level 1. HP: 20/20 MP: 1/1
   502 | D:1      | Reached XP level 2. HP: 20/26 MP: 2/2
  1032 | D:1      | Reached XP level 3. HP: 25/31 MP: 3/3
  1239 | D:2      | Found a white marble altar of Elyvilon.
  1257 | D:2      | Learned a level 1 spell: Freeze
  1383 | D:2      | Reached skill level 1 in Invocations
  1425 | D:2      | Noticed Natasha
  1447 | D:2      | Reached skill level 1 in Short Blades
  1447 | D:2      | Reached skill level 1 in Long Blades
  1447 | D:2      | Reached skill level 1 in Axes
  1447 | D:2      | Reached skill level 1 in Maces & Flails
  1447 | D:2      | Reached skill level 1 in Polearms
  1447 | D:2      | Reached skill level 1 in Staves
  1447 | D:2      | Reached skill level 1 in Slings
  1447 | D:2      | Reached skill level 1 in Bows
  1447 | D:2      | Reached skill level 1 in Crossbows
  1447 | D:2      | Reached skill level 1 in Throwing
  1447 | D:2      | Reached skill level 1 in Dodging
  1447 | D:2      | Reached skill level 1 in Stealth
  1447 | D:2      | Reached skill level 1 in Unarmed Combat
  1447 | D:2      | Reached skill level 1 in Spellcasting
  1459 | D:2      | Slain by Natasha

Illustrated notes

Levels and vault maps discovered:
D:1:      zaba_arrival_water, layout_basic, chequers_serial_rivers_micro_c
D:2:      layout_loops_cross, elyvilon_altar_5, uniq_crazy_yiuf_cottage,
          uniq_natasha

Skill      XL: |  1  2  3 |
---------------+----------+-----
Invocations    | 1 |  1.0
Short Blades   | 1 |  1.0
Long Blades    | 1 |  1.0
Axes           | 1 |  1.0
Maces & Flails | 1 |  1.0
Polearms       | 1 |  1.0
Staves         | 1 |  1.0
Slings         | 1 |  1.0
Bows           | 1 |  1.0
Crossbows      | 1 |  1.0
Throwing       | 1 |  1.0
Dodging        | 1 |  1.0
Stealth        | 1 |  1.0
Unarmed Combat | 1 |  1.0
Spellcasting   | 1 |  1.0
Fighting       | |  4.6
Armour         | |  2.6
Shields        | |  2.6
Conjurations   | |  0.7
Hexes          | |  0.7
Summonings     | |  0.7
Necromancy     | |  0.7
Translocations | |  0.7
Transmutations | |  0.7
Fire Magic     | |  0.7
Ice Magic      | |  8.7
Air Magic      | |  0.7
Earth Magic    | |  0.7
Poison Magic   | |  0.7
Evocations     | |  2.6

Action                   || total
-------------------------++-------
Melee: Hand axe          ||   102
       Dagger            ||     5
       Bite              ||     6
Throw: Stone             ||    63
 Cast: Freeze            ||     1
Armor: Robe              ||     9
       Scale mail        ||    34
Dodge: Dodged            ||    53
